 Dungeon Crawl Stone Soup version 0.20-a0-1006-ge6c5631 (webtiles) character file.

93 Murumi the Sneak (level 4, -1/38 HPs)
             Began as a Naga Enchanter on Apr 13, 2017.
             Slain by Sigmund
             ... wielding a +0 scythe
              (9 damage)
             ... on level 2 of the Dungeon.
             The game lasted 00:06:50 (1887 turns).

Murumi the Sneak (Naga Enchanter)                   Turns: 1887, Time: 00:06:51

Health: -1/38      AC:  5    Str: 10    XL:     4   Next: 61%
Magic:  1/7        EV: 16    Int: 15    God:
Gold:   91         SH:  0    Dex: 18    Spells: 2/7 levels left

rFire    . . .     SeeInvis +   a - +1 dagger
rCold    . . .     Gourm    .   (no shield)
rNeg     . . .     Faith    .   b - +0 robe
rPois    +         Spirit   .   (no helmet)
rElec    .         Reflect  .   e - +1 cloak
rCorr    .         Harm     .   h - +0 pair of gloves
MR       .....                  (no barding)
Stlth    +++++.....             (no amulet)
Regen    0.2/turn               (no ring)
MPRegen  0.1/turn               (no ring)

@: agile, very slightly contaminated, very slow
A: see invisible, deformed body, poison resistance, slowness 2, slow metabolism
1, spit poison 1, AC +1
a: Spit Poison


You were on level 2 of the Dungeon.
You were not hungry.

You visited 1 branch of the dungeon, and saw 2 of its levels.

You collected 91 gold pieces.

Inventory:

Hand Weapons
 a - a +1 dagger (weapon)
Armour
 b - a +0 robe (worn)
 e - a +1 cloak (worn)
 h - a +0 pair of gloves (worn)
Scrolls
 n - a scroll of magic mapping
Potions
 g - a potion of cancellation
 j - a potion of degeneration {unknown}
 l - a potion of invisibility {unknown}
Books
 c - a book of Maledictions

   Spells                             Type                      Level
   a - Corona                         Hexes                        1
   b - Ensorcelled Hibernation        Hexes/Ice                    2
   c - Confuse                        Hexes                        3
   d - Tukima's Dance                 Hexes                        3
   e - Dazzling Spray                 Conjuration/Hexes            3
Comestibles
 d - a bread ration
 k - 3 fruits
 m - a chunk of flesh


   Skills:
 - Level 1.0 Fighting
 - Level 1.0 Short Blades
 - Level 2.1 Dodging
 + Level 7.2 Stealth
 - Level 2.0 Spellcasting
 - Level 3.0 Hexes


You had 2 spell levels left.
You knew the following spells:

 Your Spells              Type           Power        Failure   Level  Hunger
b - Ensorcelled Hibernat  Hex/Ice        #.....       17%         2    ###....
c - Confuse               Hex            ##......     21%         3    ###....


Dungeon Overview and Level Annotations

Branches:
Dungeon (2/15)

Altars:

Annotations:
D:2 Sigmund


Innate Abilities, Weirdness & Mutations

You cannot wear boots.
Your serpentine skin is tough. (AC +1)
You have supernaturally acute eyesight. (SInv)
Armour fits poorly on your strangely shaped body.
Your system is resistant to poisons. (rPois)
You cover ground very slowly.
You have a slow metabolism.
You can spit poison.


Message History

Aim: Sigmund, wielding a scythe and wearing a robe (slightly transparent, chance to defeat MR: 47%) Sigmund looks drowsy...
The frilled lizard bites you.
* * * LOW HITPOINT WARNING * * *
Sigmund shouts!
Okay, then.
Casting: Ensorcelled Hibernation
Confirm with . or Enter, or press ? or * to list all spells.
You don't know that spell.
Unknown command.
It was a potion of agility.
You feel agile all of a sudden. The frilled lizard closely misses you.
The rat twitches its whiskers.
Sigmund points at you and mumbles some strange words.
The puff of flame misses you.
You hit Sigmund but do no damage. The frilled lizard bites you.
* * * LOW HITPOINT WARNING * * *
Sigmund hits you with a scythe!
You die...

,******,,,,,,...,..,..,,.........
,,,,,,,,,###,#..,.?,.,,,.........
*******,,....#..,...#,,,.........
***,,,*,,..#..*.#.##,,.........
***,,,*,,,**....,....#,,.........
,,,,***,*#####.†,....#,........÷.
,,*,,,,,,..S)...#r.#,*.,.........
,,*,**,,,,,***#l@#>,,##.#....##..
.,,,*,,***,* ##@#**.........#...
.,,**,** *.#***#.# #.........#...
.,,,*,* *,..,*#.###.#...........
.,,,,,***####.##..##.#...#.#.#...
.****,,,,..................#.....
,* ***,,............#...#*#.##<.
,* *,,....>>..........# #.#... ,*
***#######.........# #.#... ,*
#.........###.#...


You could see Sigmund (invisible), a frilled lizard and a rat.

Vanquished Creatures
  Natasha (D:2)
  An adder (D:2)
  2 oozes
  A worm (D:1)
  A dart slug (D:1)
  2 leopard geckos
  A ball python (D:1)
  4 bats (D:1)
  5 giant cockroaches (D:1)
  7 goblins
  6 hobgoblins
  4 frilled lizards
  3 kobolds (D:1)
  3 rats (D:1)
41 creatures vanquished.

Notes
Turn   | Place    | Note
-------+----------+-------------------------------------------
     0 | D:1      | Murumi the Naga Enchanter began the quest for the Orb.
     0 | D:1      | Reached XP level 1. HP: 15/15 MP: 3/3
    55 | D:1      | Reached XP level 2. HP: 5/22 MP: 5/5
    59 | D:1      | Learned a level 2 spell: Ensorcelled Hibernation
   588 | D:1      | Reached skill level 5 in Stealth
   642 | D:1      | Reached skill level 1 in Fighting
   799 | D:1      | Reached XP level 3. HP: 31/31 MP: 6/6
   804 | D:1      | Learned a level 3 spell: Confuse
  1534 | D:1      | Reached skill level 6 in Stealth
  1801 | D:2      | Noticed Natasha
  1807 | D:2      | Killed Natasha
  1807 | D:2      | Reached XP level 4. HP: 35/38 MP: 2/7
  1873 | D:2      | Noticed Sigmund
  1876 | D:2      | Reached skill level 7 in Stealth
  1887 | D:2      | Slain by Sigmund

Vault maps used:
D:1:      lemuel_arrival_river_ford, minmay_distorted
D:2:      uniq_sigmund, uniq_natasha

Skill      XL: |  1  2  3  4 |
---------------+-------------+-----
Dodging        | 2 |  2.1
Stealth        | 5 6 7 |  7.2
Fighting       | 1 |  1.0
Short Blades   | |  1.0
Spellcasting   | |  2.0
Hexes          | |  3.0

Action                   |  1- 3 |  4- 6 || total
-------------------------+-------+-------++-------
Melee: Dagger            |    84 |     6 ||    90
 Cast: Ensorcelled Hiber |     4 |     2 ||     6
 Abil: Spit Poison       |    25 |     2 ||    27
  Use: Scroll            |     3 |     2 ||     5
       Potion            |       |     3 ||     3
 Stab: Sleeping          |     8 |     3 ||    11
  Eat: Chunk             |     3 |     1 ||     4
Armor: Robe              |    35 |     2 ||    37
Dodge: Dodged            |    46 |     4 ||    50
